Match 42341509
Unlisted

Match 42341509
End
Kradschützen Motorcycle Team
Panzergrenadier Squad
Panzergrenadier Squad
Construct Light Support Kompanie
Fire Support Elements
Panzerjäger Squad
Flakvierling Half-track
Assault Mechanized Group
Construct Mechanized Kompanie
Selects Italian Infantry
Selects Guastatori Squad
Selects L6/40 Light Tank Combat Group
2.5-tonne Medical Truck
Selects Towed Cannone da 105/28 Field Howitzer
Towed Cannone da 105/28 Field Howitzer
Construct Panzerarmee Kommand
Marder III Tank Destroyer
Marder III Tank Destroyer
Panzergrenadier Squad
Saueee
Basecoh3 @ Youtube
-AL- Nimahfrosch
Bego
0
0

Comments sign in to comment!

No comments posted yet!